 Dungeon Crawl Stone Soup version 0.20.1-1-g8b1a95d (console) character file.

144742 hilaritas the Executioner (level 18, -1/130 HPs)
             Began as a Formicid Fighter on Mar 4, 2018.
             Was the Champion of Okawaru.
             Succumbed to barbed spike wounds
             ... on level 2 of the Shoals on Mar 5, 2018.
             The game lasted 01:38:03 (30998 turns).

hilaritas the Executioner (Formicid Fighter)       Turns: 30998, Time: 01:38:04

Health: -1/130     AC: 25    Str: 40    XL:     18   Next: 2%
Magic:  0/25       EV: 18    Int: 10    God:    Okawaru [******]
Gold:   193        SH: 10    Dex: 17    Spells: 12/17 levels left

rFire    . . .     SeeInvis +   V - +4 executioner's axe (elec)
rCold    . . .     Gourm    .   s - +3 warlock's mirror {reflect}
rNeg     + . .     Faith    +   C - +5 plate armour of the Lonely Princes {+Fly rPois}
rPois    +         Spirit   +   (helmet unavailable)
rElec    +         Reflect  +   M - scarf {Spirit}
rCorr    .         Harm     .   r - -1 pair of gloves of Coburut {*Contam rPois Str+5 Int+3}
MR       +....                  G - +2 pair of boots of the Pits of Slime {Dex+2}
Stlth    ..........             K - amulet of faith
Regen    0.4/turn               u - ring of positive energy
MPRegen  0.2/turn               O - ring "Ojihian" {+Fly rElec}

@: mighty, agile, barbed spikes
A: permanent stasis, dig shafts and tunnels, four strong arms, antennae 3,
iridescent scales 1, frail 1
a: Dig, Shaft Self, Heroism, Finesse, Renounce Religion, Evoke Flight


You were on level 2 of the Shoals.
You worshipped Okawaru.
Okawaru was exalted by your worship.
You were near starving.

You visited 5 branches of the dungeon, and saw 26 of its levels.
You visited the Abyss 1 time.

You collected 2688 gold pieces.
You spent 2495 gold pieces at shops.

Inventory:

Hand Weapons
 S - a +2 battleaxe of flaming
 V - a +4 executioner's axe of electrocution (weapon)
 W - a +1 executioner's axe of freezing
Missiles
 U - 19 poisoned javelins (quivered)
Armour
 c - the -4 pair of gloves of Coronation {+Blink rF++}
   (Okawaru gifted it to you on level 3 of the Lair of Beasts)

   It greatly protects you from fire.
   It lets you blink.
 h - a +1 cloak of magic resistance
 r - the -1 pair of gloves of Coburut (worn) {*Contam rPois Str+5 Int+3}
   (Okawaru gifted it to you on level 6 of the Lair of Beasts)

   It affects your strength (+5).
   It affects your intelligence (+3).
   It protects you from poison.
   It causes magical contamination when unequipped.
 s - the +3 warlock's mirror (worn) {reflect}
   (You found it on level 11 of the Dungeon)
 C - the +5 plate armour of the Lonely Princes (worn) {+Fly rPois}
   (You found it on level 7 of the Dungeon)

   It protects you from poison.
   It lets you fly.
 G - the +2 pair of boots of the Pits of Slime (worn) {Dex+2}
   (Okawaru gifted it to you on level 2 of the Orcish Mines)

   It affects your dexterity (+2).
 M - a scarf of spirit shield (worn)
 P - a scarf of repulsion
Jewellery
 g - the ring of the Fool {Str+2 Int+7 Dex+5}
   (You acquired it on level 12 of the Dungeon)

   [ring of strength]

   It affects your strength (+2).
   It affects your intelligence (+7).
   It affects your dexterity (+5).
 u - a ring of positive energy (left hand)
 J - an uncursed ring of protection from cold
 K - an amulet of faith (around neck)
 O - the ring "Ojihian" (right hand) {+Fly rElec}
   (You found it on level 5 of the Lair of Beasts)

   [ring of flight]

   It insulates you from electricity.
   It lets you fly.
Wands
 a - a wand of flame (28/48)
 b - a wand of scattershot (4/9)
 e - a wand of scattershot (6/9)
 t - a wand of scattershot (3/9)
 y - a wand of clouds (2/9)
 I - a wand of iceblast (11/15)
 N - a wand of lightning (5/15)
 Y - a wand of iceblast (10/15)
Scrolls
 d - 4 scrolls of magic mapping
 l - 2 scrolls of summoning
 q - 2 scrolls of fear
 v - 2 scrolls of brand weapon
 w - a scroll of identify
 x - 13 scrolls of remove curse
 z - 7 scrolls of enchant armour
 B - 3 scrolls of fog
 Q - a scroll of silence
Potions
 k - 2 potions of curing
 m - 2 potions of flight
 o - 2 potions of ambrosia
 A - a potion of magic
 D - 2 potions of brilliance
 E - 2 potions of cancellation
 F - 2 potions of might
 L - 3 potions of agility
 Z - a potion of mutation
Miscellaneous
 X - 2 sacks of spiders
Comestibles
 f - 19 bread rations
 j - 3 royal jellies
 n - 24 fruits
 p - 5 meat rations


   Skills:
 + Level 13.8 Fighting
 * Level 21.7 Axes
 - Level 10.1 Armour
 - Level 6.1 Dodging
 - Level 10.0 Shields
 - Level 10.0 Invocations


You had 12 spell levels left.
You knew the following spells:

 Your Spells              Type           Power        Failure   Level  Hunger
a - Shroud of Golubria    Chrm/Tloc      #.........   95%         2    ###....
b - Regeneration          Chrm/Necr      #.........   99%         3    ####...


Dungeon Overview and Level Annotations

Branches:
Dungeon (15/15)            Temple (1/1) D:6            Lair (6/6) D:11
 Shoals (1/4) Lair:4       Spider (0/4) Lair:3        Slime (0/5) Lair:6
    Orc (2/2) D:12            Elf (0/3) Orc:2        Vaults (0/5) D:13
 Depths (0/5) D:15

Altars:
Ashenzari
Cheibriados
Dithmenos
Elyvilon
Fedhas
Gozag
Hepliaklqana
Kikubaaqudgha
Makhleb
Nemelex Xobeh
Okawaru
Qazlal
Ru
Sif Muna
Trog
Uskayaw
Vehumet
Xom
Yredelemnul
Zin
The Shining One
Beogh

Shops:
D:11 [   D:12 ?   D:14 !   Orc:2 [?}*   Shoals:2 [

Portals:
Pandemonium: Orc:2
Trove: D:12 (give 12 potions of heal wounds)


Innate Abilities, Weirdness & Mutations

You cannot be hasted, slowed, berserked, paralysed or teleported.
You can dig through walls and to a lower floor.
Your four strong arms can wield two-handed weapons with a shield.
You have a pair of large antennae on your head. (SInv)
You are partially covered in iridescent scales. (AC +2)
You are frail. (-10% HP)


Message History

2 tomahawks; a manticore corpse The barbed spikes dig painfully into your body as you move.
* * * LOW HITPOINT WARNING * * *
You block the merfolk's attack. The merfolk misses you.
You block the merfolk's attack.
Things that are here:
a spear; a merfolk corpse The barbed spikes dig painfully into your body as you move.
* * * LOW HITPOINT WARNING * * *
The merfolk throws a tomahawk.
The tomahawk hits you but does no damage.
You see here a tomahawk.
Unknown command.
You feel better.
The merfolk hits you but does no damage.
The barbed spikes dig painfully into your body as you move.
* * * LOW HITPOINT WARNING * * *
You see here 25 gold pieces.
The barbed spikes dig painfully into your body as you move.
You die...

P...P...≈≈≈≈≈≈≈≈≈
P..P...≈≈≈≈≈≈≈≈≈≈
##P....≈≈≈≈≈≈≈≈≈≈.
P..P..≈≈≈≈≈≈≈≈≈...
..≈≈≈≈≈≈≈≈≈≈≈≈≈.....#...#
..≈P≈≈≈≈≈≈≈≈≈≈≈.# #......
...≈≈≈≈≈≈≈≈≈≈≈..###......
≈..≈≈.≈≈)≈≈≈≈............
≈≈≈≈≈≈≈≈≈(≈≈≈............
≈≈≈≈≈≈≈mm)≈≈≈≈≈≈..#......
≈≈≈≈≈≈≈≈@..†)(≈≈.........
≈≈≈≈≈≈≈≈$###††≈≈)(.......
≈≈≈≈≈≈≈≈.# #..≈≈≈.(......
≈≈≈≈≈≈≈..###..≈≈(≈≈≈.>...
≈≈≈≈≈..###..≈≈≈≈≈≈≈.....
≈≈≈≈..# #....≈≈≈≈≈≈....
≈≈≈≈.# #..(...≈≈≈PPP≈≈≈
≈≈≈.# #####E...≈≈PPP≈≈
≈≈≈≈ #....≈≈PP≈≈≈
#...≈..PP≈≈≈ #.....PP..≈≈


You could see 2 merfolk.

Vanquished Creatures
  Rupert (Lair:3)
  A kraken (Shoals:1)
  The ghost of nightchill the Warrior, an adept MiBe of Trog (Shoals:2)
  A stone giant (D:13)
  A dire elephant (Lair:3)
  The ghost of hilaritas the Cleaver, a journeyman HOFi of Beogh (Orc:2)
  Snorg (D:12)
  A merfolk javelineer (Shoals:1)
  The ghost of amentoraz the Archer, a journeyman CeHu (Lair:1)
  An ogre mage (D:15)
  3 vault guards (D:13)
  Josephine (Lair:4)
  10 hydras
  Harold (Lair:4)
  7 centaur warriors
  2 merfolk avatars
  The ghost of lydgate the Basher, a journeyman GrFi of Okawaru (Orc:2)
  The ghost of ceb the Fighter, a novice DsFi of Qazlal (D:8)
  4 death yaks (Lair:5)
  8 two-headed ogres
  5 orc high priests (Orc:2)
  A tengu warrior (D:12)
  A soul eater (Orc:2)
  2 sun demons (Orc:2)
  Sonja (D:15)
  Nergalle (D:12)
  A skeletal warrior (D:13)
  2 unseen horrors
  An infernal demonspawn (Orc:2)
  4 sea snakes
  A wolf spider zombie (D:13)
  A necromancer (D:13)
  10 wizards
  5 orc knights
  7 orc sorcerers
  16 ugly things
  9 manticores
  3 deep elf magi
  7 fauns (Shoals:1)
  4 cyclopes (D:13)
  2 merfolk sirens (Shoals:2)
  2 rust devils (Orc:2)
  27 elephants
  2 naga magi (D:15)
  3 black mambas
  13 spiny frogs
  2 torpor snails
  A yaktaur (D:13)
  2 kobold demonologists
  An ice devil (Orc:2)
  A yaktaur (shapeshifter) (D:13)
  10 komodo dragons
  A freezing wraith (D:15)
  A jumping spider (Lair:3)
  9 trolls
  7 polar bears
  14 blink frogs
  4 merfolk
  3 wind drakes
  4 hornets
  9 slime creatures
  6 snapping turtles
  12 hippogriffs
  7 dream sheep (Lair:6)
  2 spriggans
  3 shadows
  10 wraiths
  4 water elementals (Shoals:2)
  65 yaks
  A redback (Lair:3)
  A vampire (D:13)
  7 wyverns
  The ghost of hilaritas the Chopper, an amateur CeFi (D:4)
  7 basilisks
  A neqoxec (Orc:2)
  A hungry ghost (D:12)
  A vampire mosquito (D:13)
  18 humans (D:13)
  A warg (Orc:1)
  3 acid dragons
  A soldier ant (D:10)
  16 water moccasins
  38 orc warriors
  7 porcupines
  3 sky beasts
  An eye of draining (D:12)
  10 ogres
  2 phantoms
  18 ice beasts
  18 wolves
  The ghost of ceb the Skirmisher, an amateur DsFi (D:3)
  24 centaurs
  2 necrophages
  12 crocodiles
  5 big kobolds
  An elf zombie (D:15)
  15 bullfrogs
  6 gnoll sergeants
  6 scorpions
  2 wyvern skeletons
  A troll zombie (D:15)
  9 killer bees
  2 electric eels
  9 wights
  2 howler monkeys
  10 crimson imps
  3 bullfrog zombies
  A human zombie (D:15)
  A quasit (D:7)
  6 jellies
  4 hounds
  22 orc wizards
  Crazy Yiuf (D:2)
  A centaur zombie (D:5)
  29 orc priests
  2 bullfrog skeletons
  2 centaur skeletons
  A human skeleton (D:15)
  Jessica (D:2)
  7 iguanas
  14 worker ants
  A hound zombie (D:5)
  3 hound skeletons
  2 mummies (D:15)
  A worker ant zombie (D:8)
  18 adders
  7 gnolls
  A howler monkey skeleton (D:6)
  4 shadow imps
  2 oozes
  3 adder skeletons
  3 worms
  2 dart slugs
  7 leopard geckos
  84 orcs
  A ball python (D:6)
  4 giant cockroaches
  9 goblins
  4 hobgoblins
  9 jackals
  20 kobolds
  3 quokkas
  6 bats
  2 frilled lizards (D:1)
  A jackal skeleton (D:6)
  A jackal zombie (D:7)
  A leopard gecko skeleton (D:7)
  A quokka skeleton (D:4)
  7 rats
  3 fungi
  9 plants
  6 tentacles (Shoals:1)
940 creatures vanquished.

Vanquished Creatures (others)
  A centaur (D:12)
  A quasit (Abyss:2)
  A worker ant (D:13)
  A bush (Lair:1)
  52 fungi
  31 plants
  2 tentacles (Shoals:1)
89 creatures vanquished.

Grand Total: 1029 creatures vanquished

Notes
Turn   | Place    | Note
-------+----------+-------------------------------------------
     0 | D:1      | hilaritas the Formicid Fighter began the quest for the Orb.
     0 | D:1      | Reached XP level 1. HP: 18/18 MP: 1/1
   230 | D:1      | Reached XP level 2. HP: 24/24 MP: 2/2
   786 | D:2      | Noticed Jessica
   790 | D:2      | Killed Jessica
   790 | D:2      | Reached XP level 3. HP: 8/30 MP: 3/3
  1126 | D:2      | Reached XP level 4. HP: 36/37 MP: 4/4
  1192 | D:2      | Reached skill level 3 in Axes
  1365 | D:2      | Found a runed door.
  1876 | D:2      | Reached XP level 5. HP: 41/42 MP: 5/5
  2027 | D:2      | Noticed Crazy Yiuf
  2031 | D:2      | Killed Crazy Yiuf
  2031 | D:2      | Reached skill level 4 in Axes
  2107 | D:3      | Found a stormy altar of Qazlal.
  2108 | D:3      | Found a shattered altar of Ashenzari.
  2180 | D:3      | Noticed ceb's ghost (amateur DsFi)
  2201 | D:3      | Killed ceb's ghost
  2201 | D:3      | Reached skill level 5 in Axes
  2201 | D:3      | Reached XP level 6. HP: 24/48 MP: 6/6
  2490 | D:3      | Found a radiant altar of Vehumet.
  2966 | D:3      | Reached XP level 7. HP: 55/55 MP: 7/7
  2974 | D:3      | Reached skill level 6 in Axes
  3285 | D:4      | Reached skill level 5 in Shields
  3934 | D:4      | Reached skill level 7 in Axes
  4113 | D:4      | Noticed hilaritas's ghost (amateur CeFi)
  4139 | D:4      | Killed hilaritas's ghost
  4139 | D:4      | Reached XP level 8. HP: 54/61 MP: 8/8
  4245 | D:5      | Entered Level 5 of the Dungeon
  4337 | D:5      | Reached skill level 5 in Fighting
  4337 | D:5      | Reached skill level 8 in Axes
  4521 | D:5      | Found a deep blue altar of Sif Muna.
  5249 | D:6      | Learned a level 2 spell: Shroud of Golubria
  5293 | D:6      | Reached skill level 9 in Axes
  5314 | D:6      | Reached XP level 9. HP: 68/68 MP: 9/9
  5906 | D:6      | Learned a level 3 spell: Regeneration
  5908 | D:6      | Found a staircase to the Ecumenical Temple.
  5914 | Temple   | Entered the Ecumenical Temple
  5968 | Temple   | Became a worshipper of Warmaster Okawaru
  6233 | D:7      | Reached skill level 10 in Axes
  6300 | D:7      | Got a slimy plate armour
  6311 | D:7      | Identified the +5 plate armour of the Lonely Princes {+Fly rPois} (You found it on level 7 of the Dungeon)
  6328 | D:7      | Reached skill level 1 in Invocations
  6511 | D:7      | Noticed a hippogriff
  6520 | D:7      | Killed a hippogriff
  6690 | D:7      | Noticed a hornet
  6695 | D:7      | Killed a hornet
  6729 | D:7      | Reached * piety under Okawaru
  7183 | D:8      | Reached XP level 10. HP: 79/79 MP: 12/12
  7449 | D:8      | Noticed ceb's ghost (novice DsFi)
  7514 | D:8      | Noticed a two-headed ogre
  7532 | D:8      | Killed a two-headed ogre
  7532 | D:8      | Reached ** piety under Okawaru
  7797 | D:8      | Killed ceb's ghost
  7797 | D:8      | Reached *** piety under Okawaru
  7797 | D:8      | Reached skill level 5 in Invocations
  8332 | D:9      | Reached XP level 11. HP: 56/89 MP: 15/15
  8614 | D:9      | Reached **** piety under Okawaru
  8698 | D:9      | Reached skill level 10 in Shields
  8833 | D:9      | Reached skill level 10 in Fighting
  9068 | D:10     | Entered Level 10 of the Dungeon
  9080 | D:10     | Reached skill level 1 in Dodging
  9780 | D:11     | Reached ***** piety under Okawaru
  9880 | D:11     | Noticed a wizard
  9887 | D:11     | Killed a wizard
  9887 | D:11     | Reached skill level 5 in Armour
  9899 | D:11     | Noticed a wizard
  9903 | D:11     | Cast into level 2 of the Abyss (a wizard)
  9918 | Abyss:2  | Noticed a wretched star
  9928 | D:11     | Escaped the Abyss
  9949 | D:11     | Killed a wizard
 10037 | D:11     | Received a gift from Okawaru
 10142 | D:11     | Noticed a two-headed ogre
 10147 | D:11     | Noticed a wizard
 10151 | D:11     | Killed a two-headed ogre
 10157 | D:11     | Killed a wizard
 10207 | D:11     | Noticed a wizard
 10217 | D:11     | Killed a wizard
 10336 | D:11     | Noticed a manticore
 10355 | D:11     | Killed a manticore
 10558 | D:11     | Noticed a wizard
 10568 | D:11     | Killed a wizard
 10568 | D:11     | Reached XP level 12. HP: 93/97 MP: 18/18
 10593 | D:11     | Noticed a wizard
 10610 | D:11     | Killed a wizard
 10689 | D:11     | Noticed a wizard
 10691 | D:11     | Noticed a wizard
 10697 | D:11     | Killed a wizard
 10703 | D:11     | Killed a wizard
 10703 | D:11     | Reached skill level 5 in Dodging
 10966 | D:11     | Noticed an unseen horror
 10989 | D:11     | Killed an unseen horror
 10990 | D:11     | Reached ****** piety under Okawaru
 11252 | D:11     | Received a gift from Okawaru
 11268 | D:11     | Found a staircase to the Lair.
 11492 | D:11     | Found Daejysatz's Antique Armour Shoppe.
 11511 | D:11     | Bought a pair of glowing boots for 285 gold pieces
 11853 | D:12     | Noticed a tengu warrior
 11879 | D:12     | Killed a tengu warrior
 12139 | D:12     | Noticed a two-headed ogre
 12152 | D:12     | Killed a two-headed ogre
 12152 | D:12     | Reached skill level 10 in Armour
 12444 | D:12     | Reached skill level 10 in Invocations
 12545 | D:12     | Found a staircase to the Orcish Mines.
 12581 | D:12     | Reached XP level 13. HP: 91/103 MP: 20/20
 12790 | D:12     | Noticed Nergalle
 12819 | D:12     | Killed Nergalle
 12819 | D:12     | Received a gift from Okawaru
 12959 | D:12     | Found Xona's Magic Scroll Shoppe.
 13008 | D:12     | Bought a scroll of magic mapping for 45 gold pieces
 13008 | D:12     | Bought a scroll of magic mapping for 45 gold pieces
 13054 | D:12     | Reached skill level 11 in Axes
 13063 | D:12     | Found a portal to a secret trove of treasure.
 13160 | D:12     | Noticed Snorg
 13169 | D:12     | Killed Snorg
 13381 | Lair:1   | Entered Level 1 of the Lair of Beasts
 13444 | Lair:1   | Noticed a seven-headed hydra
 13468 | Lair:1   | Killed a two-headed hydra
 13468 | Lair:1   | Received a gift from Okawaru
 13468 | Lair:1   | Reached skill level 12 in Axes
 13849 | Lair:1   | Noticed amentoraz's ghost (journeyman CeHu)
 13862 | Lair:1   | Killed amentoraz's ghost
 14534 | Lair:2   | Reached skill level 13 in Axes
 15254 | Lair:3   | Found a hole to the Spider Nest.
 15261 | Lair:3   | Noticed a four-headed hydra
 15272 | Lair:3   | Killed a one-headed hydra
 15397 | Lair:3   | Received a gift from Okawaru
 15440 | Lair:3   | Noticed Rupert
 15467 | Lair:3   | Killed Rupert
 15467 | Lair:3   | Reached skill level 14 in Axes
 15467 | Lair:3   | Reached XP level 14. HP: 34/111 MP: 6/21
 15853 | Lair:3   | Received a gift from Okawaru
 15854 | Lair:3   | Got a pair of steaming gloves {god gift}
 15860 | Lair:3   | Identified the -4 pair of gloves of Coronation {+Blink rF++} (Okawaru gifted it to you on level 3 of the Lair of Beasts)
 16355 | Lair:3   | Noticed a dire elephant
 16371 | Lair:3   | Killed a dire elephant
 16631 | Lair:3   | Reached skill level 15 in Axes
 17341 | Lair:4   | Noticed Harold
 17358 | Lair:4   | Killed Harold
 17523 | Lair:4   | Found a basalt altar of Yredelemnul.
 17649 | Lair:4   | Noticed Josephine
 17762 | Lair:4   | Killed Josephine
 17762 | Lair:4   | Received a gift from Okawaru
 17763 | Lair:4   | Got a faintly glowing broad axe {god gift}
 17764 | Lair:4   | Identified the +7 broad axe "Ciddoen" {venom, Int+6} (Okawaru gifted it to you on level 4 of the Lair of Beasts)
 17793 | Lair:4   | Found a staircase to the Shoals.
 18007 | Lair:4   | Reached skill level 16 in Axes
 18692 | Lair:5   | Reached XP level 15. HP: 120/120 MP: 22/22
 19018 | Lair:5   | Received a gift from Okawaru
 19249 | Lair:5   | Got a smoking platinum ring
 19250 | Lair:5   | Identified the ring "Ojihian" {+Fly rElec} (You found it on level 5 of the Lair of Beasts)
 19812 | Lair:5   | Reached skill level 17 in Axes
 20254 | Lair:6   | Entered Level 6 of the Lair of Beasts
 20282 | Lair:6   | Received a gift from Okawaru
 20299 | Lair:6   | Received a gift from Okawaru
 21030 | Lair:6   | Received a gift from Okawaru
 21031 | Lair:6   | Got a pair of smoking gloves {god gift}
 21037 | Lair:6   | Identified the -1 pair of gloves of Coburut {*Contam rPois Str+5 Int+3} (Okawaru gifted it to you on level 6 of the Lair of Beasts)
 21327 | Lair:6   | Reached skill level 18 in Axes
 21678 | Lair:6   | Found a staircase to the Slime Pits.
 22362 | D:13     | Reached XP level 16. HP: 105/129 MP: 20/23
 23331 | D:13     | Received a gift from Okawaru
 23338 | D:13     | Got a bloodstained chain mail {god gift}
 23349 | D:13     | Identified the +1 chain mail of Compression {Str+3} (Okawaru gifted it to you on level 13 of the Dungeon)
 23387 | D:13     | Reached skill level 19 in Axes
 23399 | D:13     | Found a gate to the Vaults.
 24817 | D:14     | Received a gift from Okawaru
 24826 | D:14     | Got a brightly glowing plate armour {god gift}
 24837 | D:14     | Identified the +1 plate armour of the Heavens {*Slow rN+ Dex+3} (Okawaru gifted it to you on level 14 of the Dungeon)
 25112 | D:14     | Found Detrum's Distillery.
 25115 | D:14     | Bought a potion of mutation for 128 gold pieces
 25336 | D:15     | Entered Level 15 of the Dungeon
 25538 | D:15     | Found an ancient bone altar of Kikubaaqudgha.
 25776 | D:15     | Reached skill level 20 in Axes
 25914 | D:15     | Noticed Sonja
 25941 | D:15     | Killed Sonja
 25941 | D:15     | Reached XP level 17. HP: 136/136 MP: 24/24
 27044 | D:15     | Found a staircase to the Depths.
 27209 | D:11     | Bought an ancient cloak for 361 gold pieces
 27219 | D:11     | Identified the cursed -1 cloak of the Known World {-Cast rF- Slay+5 SInv} (You bought it in a shop on level 11 of the Dungeon)
 27298 | D:12     | Bought a scroll of acquirement for 676 gold pieces
 27299 | D:12     | Got a crude golden ring
 27301 | D:12     | Identified the ring of the Fool {Str+2 Int+7 Dex+5} (You acquired it on level 12 of the Dungeon)
 27341 | Orc:1    | Entered Level 1 of the Orcish Mines
 27471 | Orc:2    | Entered Level 2 of the Orcish Mines
 27510 | Orc:1    | Found a roughly hewn altar of Beogh.
 27654 | Orc:1    | Received a gift from Okawaru
 27720 | Orc:2    | Noticed hilaritas's ghost (journeyman HOFi)
 27726 | Orc:2    | Killed hilaritas's ghost
 28102 | Orc:2    | Noticed lydgate's ghost (journeyman GrFi)
 28108 | Orc:2    | Killed lydgate's ghost
 28570 | Orc:2    | Found Kuloura's Magic Scroll Emporium.
 28573 | Orc:2    | Found Oklanen's General Store.
 28675 | Orc:2    | Gained mutation: You are partially covered in iridescent scales. (AC +2) [a neqoxec]
 28723 | Orc:2    | Bought a scroll of summoning for 133 gold pieces
 28725 | Orc:2    | Bought an uncursed ring of protection from cold for 325 gold pieces
 29140 | Orc:2    | Reached skill level 21 in Axes
 29149 | Orc:2    | Received a gift from Okawaru
 29150 | Orc:2    | Got a pair of crude boots {god gift}
 29163 | Orc:2    | Found Fuasotat's Antique Armour Boutique.
 29163 | Orc:2    | Found Ziemno's Gadget Shop.
 29163 | Orc:2    | Found a one-way gate leading to the halls of Pandemonium.
 29183 | Orc:2    | Identified the +2 pair of boots of the Pits of Slime {Dex+2} (Okawaru gifted it to you on level 2 of the Orcish Mines)
 29216 | Orc:2    | Bought a pair of glowing gloves for 217 gold pieces
 29257 | Orc:2    | Gained mutation: You are frail. (-10% HP) [mutagenic glow]
 29556 | Orc:2    | Found a staircase to the Elven Halls.
 29711 | Orc:2    | Bought a sack of spiders for 280 gold pieces
 29923 | Shoals:1 | Entered Level 1 of the Shoals
 29933 | Shoals:1 | Noticed a kraken
 29942 | Shoals:1 | Killed a kraken
 30897 | Shoals:1 | You fall through a shaft!
 30897 | Shoals:2 | Found Idoluerre's Antique Armour Shop.
 30925 | Shoals:2 | Noticed nightchill's ghost (adept MiBe)
 30934 | Shoals:2 | HP: 9/124 [merfolk/trident (13)]
 30940 | Shoals:2 | HP: 2/124 [nightchill's ghost (18)]
 30948 | Shoals:2 | HP: 6/124 [snapping turtle (16)]
 30963 | Shoals:2 | HP: 12/124 [manticore (2)]
 30972 | Shoals:2 | HP: 11/124 [nightchill's ghost (4)]
 30975 | Shoals:2 | Killed nightchill's ghost
 30975 | Shoals:2 | Reached XP level 18. HP: 22/130 MP: 4/25
 30988 | Shoals:2 | HP: 11/130 [barbs]
 30993 | Shoals:2 | HP: 7/130 [barbs]
 30995 | Shoals:2 | HP: 1/130 [barbs]
 30998 | Shoals:2 | Succumbed to barbed spike wounds

Skill      XL: |  1  2  3  4  5  6  7  8  9 10 11 12 13 14 15 16 17 |
---------------+----------------------------------------------------+-----
Shields        | 4 5 7 9 10 | 10.0
Fighting       | 4 5 7 9 10 11 12 13 | 13.8
Axes           | 3 5 7 9 10 14 16 18 20 21 | 21.7
Invocations    | 3 5 8 10 | 10.0
Dodging        | 4 6 |  6.1
Armour         | 6 10 | 10.1

Action                   |  1- 3 |  4- 6 |  7- 9 | 10-12 | 13-15 | 16-18 || total
-------------------------+-------+-------+-------+-------+-------+-------++-------
Melee: War axe           |    55 |   162 |   343 |   753 |   103 |       ||  1416
       Broad axe         |       |       |       |       |   218 |       ||   218
       Battleaxe         |       |       |       |       |   385 |     5 ||   390
       Executioner's axe |       |       |       |       |   223 |   795 ||  1018
Throw: Tomahawk          |       |       |     8 |     2 |       |       ||    10
       Javelin           |       |       |       |     6 |     8 |     4 ||    18
Invok: Heroism           |       |       |       |     5 |     9 |     9 ||    23
       Finesse           |       |       |       |       |       |     1 ||     1
 Abil: Dig               |       |       |       |       |     1 |       ||     1
Evoke: Wand              |       |       |       |       |     2 |       ||     2
  Use: Scroll            |     7 |     5 |     8 |     6 |    10 |     7 ||    43
       Potion            |       |       |     2 |       |     1 |    10 ||    13
 Stab: Petrifying        |       |       |       |     2 |       |       ||     2
  Eat: Chunk             |     1 |     6 |    27 |    10 |    31 |    27 ||   102
       Fruit             |       |       |       |     3 |     1 |     1 ||     5
       Royal jelly       |       |       |       |     2 |       |       ||     2
Armor: Scale mail        |    18 |    46 |    41 |       |       |       ||   105
       Plate armour      |       |       |   111 |   378 |   515 |   383 ||  1387
Dodge: Dodged            |    17 |    58 |    62 |   184 |   360 |   388 ||  1069
Block: Shield            |    34 |    75 |   183 |   272 |       |       ||   564
       Buckler           |       |       |       |   139 |   437 |   379 ||   955
       Reflection        |       |       |       |    15 |     6 |    47 ||    68
